 Dungeon Crawl Stone Soup version 0.28-a0-1142-gc8569940dd (webtiles) character file.

Game seed: 15923032965608257779

95 ChaosChampion the Insei (level 4, -1/28 HPs)
             Began as an Octopode Transmuter on Dec 13, 2021.
             Slain by an orc (7 damage)
             ... on level 4 of the Dungeon.
             The game lasted 00:03:13 (2064 turns).

ChaosChampion the Insei (Octopode Transmuter)       Turns: 2064, Time: 00:03:14

Health: -1/28      AC:  2    Str:  9    XL:     4   Next: 65%
Magic:  4/7        EV: 19    Int: 17    God:
Gold:   63         SH:  0    Dex: 17    Spells: 1/7 levels left

rFire   . . .      SeeInvis .     - Unarmed
rCold   . . .      Faith    .   (shield currently unavailable)
rNeg    . . .      Spirit   .   (helmet currently unavailable)
rPois   x          Reflect  .   (no amulet)
rElec   .          Harm     .   (no ring)
rCorr   .          Rampage  .   (no ring)
Will    .....                   (no ring)
Stlth   ++........              (no ring)
HPRegen 0.09/turn               (no ring)
MPRegen 0.10/turn               (no ring)
                                (no ring)
                                (no ring)

@: spider-form
A: venomous fangs, almost no armour, (amphibious), 8 rings, tiny, (camouflage
1), (gelatinous body 1), (nimble swimmer 1), (tentacles)
a: End Transformation


You were on level 4 of the Dungeon.
You were a venomous arachnid creature.
You visited 1 branch of the dungeon, and saw 4 of its levels.

You collected 63 gold pieces.

Inventory:

Scrolls
 b - a scroll of silence {unknown}
 c - a scroll of amnesia {unknown}
 d - a scroll of immolation {unknown}
 e - a scroll of identify {unknown}
Potions
 a - a potion of cancellation {unknown}
 f - a potion of magic {unknown}
 g - a potion of heal wounds {unknown}
 h - a potion of degeneration {unknown}


   Skills:
 - Level 1.0 Fighting
 - Level 2.0 Dodging
 * Level 4.4 Unarmed Combat
 - Level 2.0 Spellcasting
 + Level 3.0 Transmutations
 * Level 1.5 Poison Magic


You had one spell level left.
You knew the following spells:

 Your Spells              Type           Power      Damage    Failure   Level
a - Beastly Appendage     Tmut           22%        N/A       16%         1
b - Wereblood             Tmut           11%        N/A       22%         2
c - Spider Form           Tmut/Pois      9%         N/A       43%         3

Your spell library contained the following spells:

 Spells                   Type           Power      Damage    Failure   Level
 Ignite Poison            Fire/Tmut/Pois 6%         N/A       52%         3
 Conjure Flame            Conj/Fire      1%         6-21      71%         3
 Ice Form                 Ice/Tmut       6%         N/A       87%         4
 Sticky Flame             Conj/Fire      1%         2d3       96%         4


Dungeon Overview and Level Annotations

Branches:
Dungeon (4/15)
 Temple: D:4-7

Altars:


Innate Abilities, Weirdness & Mutations

You are a venomous arachnid creature.
You have poisonous fangs.
You are tiny and dextrous.
Your spellcasting is less reliable in this form.
Your armour is entirely melded.
You are incapable of wielding weapons or throwing items.
You cannot wear most types of armour.
((You are amphibious.))
You can wear up to eight rings at the same time.
((Your skin changes colour to match your surroundings (Stealth+).))
((Your rubbery body absorbs attacks. (AC +1, EV +1)))
((You are camouflaged near water. (Stealth+)))
((You have tentacles for arms and can constrict up to eight enemies at once.))


Message History

You hear the quick hiss of a distant avalanche of sand.
The jelly misses you. The goblin hits you with a +0 club.
There is a stone staircase leading up, spattered with blood here.
You are too injured to fight recklessly!
You are too injured to fight recklessly!
You are too injured to fight recklessly!
You tentacle-slap the goblin.
You kill the goblin!
The jelly closely misses you.
Things that are here:
a +0 club; a goblin corpse You hear a splashing noise.
A bullfrog zombie comes into view.
You barely miss the bullfrog zombie. You grab the bullfrog zombie.
You squeeze the bullfrog zombie!
The bullfrog zombie is lightly damaged.
You constrict the bullfrog zombie. The jelly barely misses you.
The bullfrog zombie hits you.
You release your grip on the bullfrog zombie.
The bullfrog zombie misses you.
The bullfrog zombie closely misses you. 2 orcs come into view.
An orc comes into view. It is wielding a +0 club.
The orc shouts! x3
You hear a shout! x2
Casting: Spider Form (quite dangerous; 22% risk of failure)
Confirm with . or Enter, or press ? or * to list all spells.
The spell is quite dangerous to miscast (22% risk of failure)!
Continue anyway?
You turn into a venomous arachnid creature.
An orc priest comes into view. It is wielding a +0 dagger.
The orc misses you.
You hit the orc priest.
The orc priest is poisoned.
The orc priest is moderately wounded.
The orc priest splashes around in the water.
The orc closely misses you. The jelly hits you.
You are splashed with acid!
* * * LOW HITPOINT WARNING * * *
You hit the orc.
The orc is severely wounded.
The jelly misses you. The orc hits you with a +0 war axe!
You die...

##### # ##......#
♣#######oo♣≈≈# ≈≈
♣......Jso≈≈♣ ≈≈≈
♣###.###♣o≈≈≈♣ ≈≈≈P
#.# ≈≈♣≈≈≈.
P≈≈≈≈≈P≈♣###.##
≈≈≈P≈≈≈
P≈≈≈≈P≈≈......♣ ♣≈≈♣≈
♣
≈≈≈P≈≈≈≈#..#.♣≈≈≈≈≈≈≈
≈♣
≈≈≈≈P≈≈≈.....♣♣≈♣≈P≈≈≈
≈ ≈≈≈≈≈≈P≈##...♣
≈P≈≈P≈♣≈
P≈P≈P≈≈P##..#P♣ ≈P≈


You could see a jelly, an orc priest (very poisoned) and 3 orcs.

Vanquished Creatures
  A hound (D:4)
  4 dart slugs
  An orc (D:3)
  8 ball pythons
  7 endoplasms
  3 giant cockroaches
  6 goblins
  4 hobgoblins (D:1)
  4 kobolds
  4 quokkas
  4 bats (D:1)
  2 frilled lizards
  2 rats (D:1)
50 creatures vanquished.

Vanquished Creatures (others)
  29 plants
29 creatures vanquished.

Grand Total: 79 creatures vanquished

Notes
Turn   | Place    | Note
-------+----------+-------------------------------------------
     0 | D:1      | ChaosChampion the Octopode Transmuter began the quest for
                  | the Orb.
     0 | D:1      | Reached XP level 1. HP: 13/13 MP: 3/3
   213 | D:1      | Reached XP level 2. HP: 18/18 MP: 3/5
   553 | D:1      | Reached XP level 3. HP: 20/23 MP: 6/6
   556 | D:1      | Learned a level 2 spell: Wereblood
   866 | D:1      | Found a faded altar of an unknown god.
   882 | D:1      | Reached skill level 4 in Unarmed Combat
  1320 | D:2      | Learned a level 3 spell: Spider Form
  1599 | D:2      | You fall into a shaft and drop 1 floor!
  1768 | D:4      | Reached XP level 4. HP: 19/28 MP: 7/7
  1814 | D:4      | Reached skill level 1 in Poison Magic
  2064 | D:4      | Slain by an orc

Illustrated notes

Levels and vault maps discovered:
D:1:      lemuel_arrival_hallway, layout_basic,
          dreamdust_ecumenical_altar_angels_and_demons, minmay_heptomino_h4
D:2:      wander_river, layout_loops_ring, grunt_ministairs_3
D:3:      layout_loops_ring, mainiacjoe_overflow_surrounded_room,
          kennysheep_boxes, uniq_grinder, uniq_natasha
D:4:      layout_loops_cross, nicolae_tso_carved_into_rock,
          minmay_temple_entry_statues_pillars, chequers_ossuary_entry_cave,
          serial_bayou, serial_bayou_lake_a, serial_bayou_ford_a,
          serial_bayou_lagoon_a, serial_bayou_shore_a

Skill      XL: |  1  2  3  4 |
---------------+-------------+-----
Unarmed Combat | 4 |  4.4
Poison Magic   | 1 |  1.5
Transmutations | 3 |  3.0
Fighting       | |  1.0
Dodging        | |  2.0
Spellcasting   | |  2.0

Action                   |  1- 3 |  4- 6 || total
-------------------------+-------+-------++-------
Melee: Unarmed           |    85 |    14 ||    99
       Kick              |    16 |       ||    16
       Tentacles         |    15 |     1 ||    16
       Constrict         |    18 |     1 ||    19
 Cast: Beastly Appendage |    23 |       ||    23
       Wereblood         |     9 |       ||     9
       Spider Form       |     1 |     3 ||     4
 Stab: Sleeping          |    10 |     1 ||    11
Armor: Skin              |    12 |     2 ||    14
Dodge: Dodged            |    62 |    30 ||    92

Table legend: (Time is in decaauts)
 A = Elapsed time spent in this place.
 B = Non-inter-level travel time spent in this place.
 C = Inter-level travel time spent in this place.
 D = Time resting spent in this place.
 E = Time spent auto-exploring this place.
 F = Levels seen in this place.
 G = Mean time per level.
                   A        B        C        D        E       F      G
               +--------+--------+--------+--------+--------+-----+--------+
         Total |   2058 |   2042 |     16 |    263 |   1326 |   4 |  514.5 |
       Dungeon |   2058 |   2042 |     16 |    263 |   1326 |   4 |  514.5 |
               +--------+--------+--------+--------+--------+-----+--------+

Top non-repeatable levels by time:
     D:1: 1272 daAuts
     D:2: 503 daAuts
     D:4: 199 daAuts
     D:3: 81 daAuts
